Cogmind - Beta 10.2 @@@ ROGUE MODE // 2021.08.06 @ 02:58:45 Player: Human Yoyo Result: Destroyed by S-10 Pest with Light Assault Rifle Performance ------------- Evolutions (2) 1000 Regions Visited (4) 800 Robots Destroyed (32) 160 Value Destroyed (874) 874 Prototype IDs (2) 40 Alien Tech Used (0) 0 Bonus (0) 0 TOTAL SCORE: 2874 Bonus ------- None Cogmind --------- Core Integrity 0/550 Matter 281/300 Energy 100/100 System Corruption 0% Temperature Cool (0) Movement Walking (120) Location -8/Materials Parts ------- > --- POWER (1) -------- (None) > --- PROPULSION (2) --- Aluminum Leg > --- UTILITY (3) ------ Improved Signal Interpreter Improved Terrain Scan Processor > --- WEAPON (5) ------- (None) > --- INVENTORY (4) ---- (None) Peak State ------------ > --- POWER ------------ Light Ion Engine > --- PROPULSION ------- Xenon Bombardment Thruster Xenon Bombardment Thruster > --- UTILITY ---------- Cooling System Experimental Sensor Array Improved Signal Interpreter > --- WEAPON ----------- Heavy Laser Heavy Laser Heavy Laser > --- INVENTORY -------- Light Ion Engine Heavy Laser [Rating: 31] Favorites ----------- Power Light Ion Engine Engine Light Ion Engine Power Core Light Nuclear Core Propulsion Aluminum Leg Leg Aluminum Leg Flight Unit Xenon Bombardment Thruster Utility Small Storage Unit Device Experimental Sensor Array Storage Small Storage Unit Processor Improved Signal Interpreter Weapon Light Assault Rifle Energy Gun Beam Rifle Ballistic Gun Light Assault Rifle Ballistic Cannon Light Cannon Build | -11 -10 -10 -9 -8 ------- Run | Scr Mat Min Mat Mat Slots Evolved 4 | . . . 2 2 Power . | . . . . . Propulsion . | . . . . . Utility 1 | . . . . 1 Weapon 3 | . . . 2 1 Parts Attached 41 | 6 2 2 8 23 Power 7 | 1 . 1 2 3 Engine 6 | 1 . 1 2 2 Core 1 | . . . . 1 Reactor . | . . . . . Propulsion 11 | 2 . . 1 8 Treads . | . . . . . Leg 7 | 2 . . 1 4 Wheel . | . . . . . Hover . | . . . . . Flight 4 | . . . . 4 Utility 7 | 1 1 1 . 4 Device 3 | . . 1 . 2 Storage 2 | 1 1 . . . Processor 2 | . . . . 2 Hackware . | . . . . . Protection . | . . . . . Artifact . | . . . . . Weapon 16 | 2 1 . 5 8 Energy Gun 10 | 1 . . 2 7 Energy Cannon . | . . . . . Ballistic Gun 5 | 1 1 . 2 1 Ballistic Cannon 1 | . . . 1 . Launcher . | . . . . . Special Weapon . | . . . . . Impact Weapon . | . . . . . Slashing Weapon . | . . . . . Piercing Weapon . | . . . . . Special Melee Weapon . | . . . . . Unidentified Prototypes 2 | . . 1 . 1 Parts Lost 23 | . 1 . 6 16 Power 4 | . . . 1 3 Propulsion 2 | . . . . 2 Utility 3 | . . . . 3 Weapon 14 | . 1 . 5 8 Highest Loss Streak 9 | . 1 . 2 9 Average Slot Usage (%) 85 | . 90 100 98 51 Engine 9 | . 14 14 10 3 Leg 19 | . 28 28 22 9 Flight 1 | . . . . 4 Device 10 | . . 11 11 10 Storage 9 | . 20 16 11 . Processor 2 | . . . . 10 Energy Gun 4 | . 6 . 5 6 Ballistic Gun 24 | . 21 28 35 1 Ballistic Cannon 1 | . . . 1 . Naked Turns . | . . . . . Heaviest Build 21 | 10 17 17 21 19 Greatest Support 20 | 20 20 20 20 20 Greatest Overweight (x) 1 | . . . 1 1 Average Overweight (x) . | . . . . . Largest Inventory Capacity 10 | 6 10 10 6 6 Average Capacity 5 | 4 7 6 6 4 Most Carried 6 | 4 6 6 6 5 Average Carried 3 | 2 3 5 4 2 Final Capacity 10 | 6 10 6 6 4 Final Carried 6 | 2 6 5 6 . Class Distribution -------------------- 49% | Skirmisher 47% | Mutant Dominant Class ---------------- Mutant | -10/Materials Mutant | -10/Mines Skirmisher | -9/Materials Mutant | -8/Materials Resources | -11 -10 -10 -9 -8 ----------- Run | Scr Mat Min Mat Mat Matter Collected 777 | 166 . 99 328 184 Remotely . | . . . . . Salvage Created 1035 | . 39 99 588 309 Parts 70 | . 5 14 37 14 Haulers Intercepted . | . . . . . Recyclers Shooed . | . . . . . Parts Field Recycled . | . . . . . Retrieved Matter . | . . . . . Parts Self-Destructed . | . . . . . Prevented . | . . . . . Kills | -11 -10 -10 -9 -8 ------- Run | Scr Mat Min Mat Mat Combat Hostiles Destroyed 30 | . 3 6 14 7 Guns 28 | . 3 6 12 7 Cannons 2 | . . . 2 . Classes Destroyed 5 | . 1 . 3 1 Recycler 1 | . . . 1 . Operator 1 | . . . . 1 Swarmer 13 | . 3 6 4 . Grunt 14 | . . . 8 6 Sentry 3 | . . . 2 1 Best Kill Streak 4 | . 3 3 4 2 Combat Bots Only 4 | . 3 3 4 2 Max Kills in Single Turn 1 | . 1 1 1 1 Gunslinging . | . . . . . Exploded . | . . . . . Melee . | . . . . . Uniques/NPCs Destroyed . | . . . . . Combat | -11 -10 -10 -9 -8 -------- Run | Scr Mat Min Mat Mat Damage Taken 2485 | . 126 195 609 1555 Core 686 | . 53 46 34 553 Absorbed by Shields . | . . . . . Core Remaining (%) 83 | 100 . 60 91 . Volleys Fired 101 | 1 10 17 36 37 Largest 4 | 2 2 2 4 3 Hottest 207 | 70 70 40 131 207 Shots Fired 237 | 2 13 34 129 59 Gun 227 | 2 13 34 119 59 Cannon 10 | . . . 10 . Launcher . | . . . . . Special . | . . . . . Kinetic 162 | 1 10 34 101 16 Thermal 69 | 1 3 . 28 37 Explosive . | . . . . . Electromagnetic 6 | . . . . 6 Robot Hit Streak 9 | 1 4 6 9 7 Robot Miss Streak 6 | 1 4 4 6 5 Penetration Max . | . . . . . Secondary Targets 4 | . 2 . 2 . Max Gunslinging Chain 1 | . 1 . 1 . Shots Hit Robots 129 | 1 7 18 62 41 Core Hits 58 | . 3 8 25 22 Critical Hits 2 | . . . 2 . Critical Kills 1 | . . . 1 . Critical Parts Destroyed 1 | . . . 1 . Melee Attacks . | . . . . . Impact . | . . . . . Slashing . | . . . . . Piercing . | . . . . . Sneak Attacks . | . . . . . Combat Hostiles . | . . . . . Follow-up Attacks . | . . . . . Damage Inflicted 1653 | 13 82 115 721 722 Guns 1584 | 13 82 115 666 708 Cannons 55 | . . . 55 . Explosions . | . . . . . Melee . | . . . . . Ramming 14 | . . . . 14 Kinetic 793 | . 45 115 412 221 Thermal 766 | 13 37 . 309 407 Explosive . | . . . . . Electromagnetic 80 | . . . . 80 Impact . | . . . . . Slashing . | . . . . . Piercing . | . . . . . Highest Corruption . | . . . . . Average Corruption . | . . . . . Corruption Purged . | . . . . . Overload Shots . | . . . . . Overflow Damage . | . . . . . Projectiles . | . . . . . Explosions . | . . . . . Melee . | . . . . . Knockbacks . | . . . . . Impact . | . . . . . Kinetic . | . . . . . Secondary . | . . . . . Self-Inflicted Damage 5 | . . . . 5 Shots . | . . . . . Rammed 4 | . . . . 4 Targets Rammed 5 | . . . . 5 Kicked 1 | . . . . 1 Crushed . | . . . . . Highest Temperature 342 | 30 70 . 342 81 Average Temperature 110 | 18 36 . 136 25 Received Heat Transfer 939 | . . . 174 765 Effects 2 | . . . 2 . Shutdowns 1 | . . . 1 . Energy Bleed 1 | . . . 1 . Siege Activations . | . . . . . Robots Corrupted . | . . . . . Combat Hostiles . | . . . . . Parts Fried . | . . . . . Impact Corruptions . | . . . . . Robots Melted . | . . . . . Combat Hostiles . | . . . . . Parts Melted 2 | . . . 1 1 Heat Transferred 1776 | 37 111 . 777 851 Parts Sabotaged . | . . . . . Parts Stolen . | . . . . . Parts Stripped . | . . . . . Power Chain Reactions . | . . . . . Missiles Intercepted . | . . . . . Alert | -11 -10 -10 -9 -8 ------- Run | Scr Mat Min Mat Mat Peak Influence 195 | . 60 178 185 195 Initial 78 | . . 23 68 78 Average 79 | . 34 104 69 102 Maximum Alert Level . | . . . . . Low Security (%) 100 | 100 100 100 100 100 Level 1 . | . . . . . Level 2 . | . . . . . Level 3 . | . . . . . Level 4 . | . . . . . Level 5 . | . . . . . High Security . | . . . . . Max Security . | . . . . . Squads Dispatched 7 | . . . 4 3 Investigation 1 | . . . 1 . Extermination . | . . . . . Reinforcement 6 | . . . 3 3 Assault . | . . . . . Garrison . | . . . . . Intercept . | . . . . . Construction Impeded . | . . . . . Haulers Reinforced . | . . . . . Stealth | -11 -10 -10 -9 -8 --------- Run | Scr Mat Min Mat Mat Distress Signals 2 | . . . . 2 Communications Jammed . | . . . . . Distress Signals . | . . . . . Times Spotted 56 | . 3 7 21 25 Peak Tracking Total 5 | . 3 3 4 5 Tactical Retreats 6 | . . 1 . 5 Traps | -11 -10 -10 -9 -8 ------- Run | Scr Mat Min Mat Mat Traps Triggered 2 | . . . 1 1 Indirectly . | . . . . . Trap Hack Attempts . | . . . . . Triggered . | . . . . . Disarmed . | . . . . . Reprogrammed . | . . . . . Reused . | . . . . . Traps Extracted . | . . . . . Installed . | . . . . . Triggered . | . . . . . Machines | -11 -10 -10 -9 -8 ---------- Run | Scr Mat Min Mat Mat Machines Disabled 2 | . . . 1 1 Max in Single Turn 1 | . . . 1 1 Machines Sabotaged . | . . . . . Garrisons Compromised . | . . . . . Overloaded Fab Kills . | . . . . . Fab Network Shutdowns . | . . . . . Hacking | -11 -10 -10 -9 -8 --------- Run | Scr Mat Min Mat Mat Machines Accessed . | . . . . . Terminals . | . . . . . Fabricators . | . . . . . Repair Stations . | . . . . . Recycling Units . | . . . . . Scanalyzers . | . . . . . Garrison Access . | . . . . . Total Hacks . | . . . . . Successful . | . . . . . Failed . | . . . . . Catastrophic . | . . . . . Database Lockouts . | . . . . . Manual . | . . . . . Terminals . | . . . . . Fabricators . | . . . . . Repair Stations . | . . . . . Recycling Units . | . . . . . Scanalyzers . | . . . . . Garrison Access . | . . . . . Terminal Hacks . | . . . . . Fabricator Hacks . | . . . . . Repair Station Hacks . | . . . . . Recycling Unit Hacks . | . . . . . Scanalyzer . | . . . . . Garrison Access Hacks . | . . . . . Unauthorized Hacks . | . . . . . Terminals . | . . . . . Fabricators . | . . . . . Repair Stations . | . . . . . Recycling Units . | . . . . . Scanalyzers . | . . . . . Garrison Access . | . . . . . Data Cores Recovered . | . . . . . Used . | . . . . . Hacking Detections . | . . . . . Full Trace Events . | . . . . . Feedback Events . | . . . . . Feedback Blocked . | . . . . . Robot Schematics Acquired . | . . . . . Robots Built . | . . . . . Matter . | . . . . . Time . | . . . . . Total Robot Build Rating . | . . . . . Part Schematics Acquired . | . . . . . Parts Built . | . . . . . Matter . | . . . . . Time . | . . . . . Total Part Build Rating . | . . . . . Parts Repaired . | . . . . . Time . | . . . . . Parts Recycled . | . . . . . Recycled Matter . | . . . . . Retrieved Matter . | . . . . . Retrieved Components . | . . . . . Parts Scanalyzed . | . . . . . Part Schematics Acquired . | . . . . . Parts Damaged . | . . . . . Bothacking | -11 -10 -10 -9 -8 ------------ Run | Scr Mat Min Mat Mat Used RIF Installer . | . . . . . Robots Hacked . | . . . . . Non-combat . | . . . . . Combat . | . . . . . Robot Hacks Applied . | . . . . . Relay Couplers Released . | . . . . . Robots Rewired . | . . . . . Allies Hacked . | . . . . . Hacks Repelled . | . . . . . Allies | -11 -10 -10 -9 -8 -------- Run | Scr Mat Min Mat Mat Total Allies . | . . . . . Largest Group . | . . . . . Highest-Rated Group . | . . . . . Highest-Rated Ally . | . . . . . Total Orders . | . . . . . Ally Attacks . | . . . . . Total Damage . | . . . . . Kills . | . . . . . Allies Corrupted . | . . . . . Allies Melted . | . . . . . Intel | -11 -10 -10 -9 -8 ------- Run | Scr Mat Min Mat Mat Robot Analysis Total . | . . . . . Derelict Logs Recovered . | . . . . . Drone Launches . | . . . . . Drone Recoveries . | . . . . . Exploration | -11 -10 -10 -9 -8 ------------- Run | Scr Mat Min Mat Mat Turns Passed 2302 | 77 133 354 1137 601 Spaces Moved 1039 | 56 86 185 320 392 Core 76 | 13 . . . 63 Treads . | . . . . . Legs 861 | 43 86 185 320 227 Wheels . | . . . . . Hover . | . . . . . Flight 102 | . . . . 102 Fastest Speed 34 | 50 120 120 120 34 Average Speed 110 | 103 120 120 129 89 Slowest Speed 150 | 120 120 120 150 120 Overloaded Moves . | . . . . . Propulsion Burnouts . | . . . . . Robots Hopped . | . . . . . Cave-ins Triggered . | . . . . . Exploration Rate (%) 22 | 4 20 41 24 24 Regions Visited 4 Branch Regions 1 Pre-discovered Areas . | . . . . . Known Exits Taken . | . . . . . Unknown Exits Taken 4 | 1 1 1 1 . Scrap Searched . | . . . . . Spaces Dug . | . . . . . Terrain Destroyed . | . . . . . Melee . | . . . . . Projectile . | . . . . . AOE . | . . . . . Terrain Rammed . | . . . . . Walls Destroyed . | . . . . . Machines Disabled . | . . . . . Actions | -11 -10 -10 -9 -8 --------- Run | Scr Mat Min Mat Mat Total 2031 | 74 105 290 968 594 Wait 788 | . 2 84 596 106 Move 1035 | 55 85 184 319 392 Hop . | . . . . . Pick Up 42 | 10 6 1 8 17 Fast Attach 1 | . . . . 1 Attach 36 | 6 2 1 7 20 Detach 2 | . . . . 2 Swap 4 | . . 1 1 2 Drop 17 | 2 . 2 1 12 Fire 101 | 1 10 17 36 37 Melee . | . . . . . Ram . | . . . . . Kick 5 | . . . . 5 Crush . | . . . . . Escape Stasis . | . . . . . Rewire . | . . . . . Trap . | . . . . . Miscellaneous . | . . . . . Route ------- -11/Scrapyard -10/Materials -10/Mines -9/Materials -8/Materials History --------- Turn | Location | Event 7 | -11/Scrapyard | Discovered new exit (range 14) 78 | -11/Scrapyard | Entered Materials 176 | -10/Materials | Discovered new exit (range 7) 211 | -10/Materials | Entered Mines 214 | -10/Mines | Assembled infested the area 275 | -10/Mines | Found a damaged Exp. Sensor Array with a note attached 283 | -10/Mines | Found Prototype Device 284 | -10/Mines | Identified Exp. Sensor Array 305 | -10/Mines | Build established: Mutant 558 | -10/Mines | Discovered new exit (range 7) 565 | -10/Mines | Entered Materials 565 | -9/Materials | Evolved 2 slots: Weapon x2 853 | -9/Materials | Build established: Skirmisher 1661 | -9/Materials | Discovered new exit (range 10) 1702 | -9/Materials | Entered another Materials area 1702 | -8/Materials | Evolved 2 slots: Utility x1, Weapon x1 1927 | -8/Materials | Lost 5 parts (1p1u3w) 2170 | -8/Materials | Core integrity fell below 50% 2215 | -8/Materials | Lost 9 parts (1p2n2u4w) 2233 | -8/Materials | Core integrity fell below 20% 2303 | -8/Materials | Destroyed by S-10 Pest with Light Assault Rifle Last Messages --------------- 02182_ G-47 Trooper destroyed. 02183_ K-01 Serf collects debris. 02183_ R-06 Scavenger collects Lgt. Nuclear Core. 02184_ Hvy. EM Pulse Gun destroyed. 02186_ K-01 Serf collects debris. 02186_ R-06 Scavenger collects Sml. Matter Pod. 02186_ G-47 Trooper misfires. 02187_ R-06 Scavenger collects Wheel. 02192_ R-06 Scavenger collects Lgt. Ion Engine. 02193_ K-01 Serf collects debris. 02197_ W-25 Informer sends out distress signal. 02208_ Acquired Imp. Terrain Scan Processor. 02226_ Kicked A-02 Transporter out of the way. 02231_ Slammed into K-01 Serf. 02232_ Triggered Explosive Trap. 02232_ An explosion rips through the floor. 02236_ Slammed into A-02 Transporter. 02243_ The unstable cave ceiling collapses. 02268_ Slammed into T-07 Excavator. 02289_ Lgt. Ion Engine destroyed. Map ----- +----------------------------------------------------+ | ??????????????????????????????#? ""??####+### | | ??????????????????????????????# """ # | | ??????????????????????????????# + | | ??????????????????????????????# ! """ # | | ??????????????????????????????#? ""??# | | ???????????????????????????????? ????######### | | ???????????????????????????????????????????????# | | ?????????????????????????????????????#########?# | | ?????????????????????????????????????# !# | | ?????????????????????????????????????# # | | ????????????????????????? ???????????# + | | ????????????????????????? ???????????# """ """ # | | ????????????????????????? ??????????????"" """ # | | ????????????????????????? ???????????????" """?# | | ????????????????????????? ??????????????? ?# | | ????????????????????????? ??????????????? ??#^ | | ????????????????????????? ??????????????####"??# | | ????????????????????????# #???????????#????# ??#^ | | ????????????????????????#a#???????????# ???# ??# | | ????????????????????????# #??????????## #### ### | | ????????????????????????# #??????????# | | ????????????????????????# #??????????# | | ?????????????????########k#??????????+ ### | | ?????????????????# ! ! # #??????????# """ #?? | | ?????????????????# # #?????????## """ #?? | | ?????????????????#] """ #@#?????????# """ ! ##? | | ?????????????????# """ #s#?????????# ## | | ?????????????????# """ #u#?????????# + | | ?????????????????# # #?????????# "T" ## | | ????????????????#######/#k##????????########## ## | | ????????????????# k #?????????????????# ## | | ????????????????# #?????????????????# ## | | ????????????????# #?????????????????# ## | | ????????????????# ########??###########????# ## | | ????????????????# #?????????# % #????# ## | | ????????????????# #?????????# ###### ## | | ?????????# #### #???####### """ +% ## | | ?????????# ##### ## """ # ## | | ?????????# ## % % """ # ## | | ????? ##### ### "" # ## | | ????? ###+#+##???### ## "" # ## | | ?????##### ??????????????# ### "" # | | ?????????# ???????????????# #?#/######### ### | | ?????????#????????????????# ### ######## ####+# | | ??????????????????????????# #??? | | ??????????????????????????# T #???? | | ?????????????????????????##+###+###+#### #???? | | ?????????????????????????# ######????? | | ?????????????????????????# #?????????? | | ?????????????????????????# #?????????? | +----------------------------------------------------+ Best States ------------- Heat Dissipation 53 Energy Generation 14 Energy Capacity 265 Matter Stores 300 Matter Capacity 300 Sight Range 16 Robot Scan Range 30 Terrain Scan Density 110 Evasion (%) 63 Item Schematics ----------------- None Robot Schematics ------------------ None Fabricated ------------ Nothing Alien Tech Used ----------------- None Achievements -------------- I Spy Challenges ------------ None Game ------ Seed DisruptorCompactAutohacker Manual? 0 Play Time 00:20:35 Cumulative 7.1 hours Start 2021.08.06 @ 02:37:42 End 2021.08.06 @ 02:58:45 Sessions 1 Manual Loads 0 Difficulty Rogue Special Mode None Game No. 11 Rogue 11 Adventurer 0 Explorer 0 Win Type - Total 0 Types 0/0/0/0/0/0/0/0/0 Lore% 1 Gallery% 15 Achievement% 10 Wizard Run 0 Options --------- ASCII 0 Keyboard 0 Movement Mouse Keybinds 0 Fullscreen 1 Font 18/SmallcapsGlow Map View 76x50 Tactical HUD 1 Map Filters NONE Filters NONE Steam 1 RUN: d994085b-33f2-41c6-859b-2bf889dae035